 Dungeon Crawl Stone Soup version 0.24-a0-652-g46ecf6da75 (webtiles) character file.

Game seed: 13138780191315024338, levelgen mode: deterministic

49 Deluxe999 the Skirmisher (level 3, -3/34 HPs)
             Began as a Naga Fighter on Sept 26, 2019.
             Was an Initiate of Wu Jian.
             Slain by a killer bee (7 damage)
             ... on level 3 of the Dungeon.
             The game lasted 00:14:01 (2143 turns).

Deluxe999 the Skirmisher (Naga Fighter)             Turns: 2143, Time: 00:14:01

Health: -3/34      AC:  4    Str: 19    XL:     3   Next: 77%
Magic:  3/3        EV:  5    Int:  8    God:    Wu Jian [......]
Gold:   176        SH:  8    Dex: 10    Spells: 2/2 levels left

rFire    . . .     SeeInvis +   a - +0 trident
rCold    . . .     Gourm    .   c - +0 shield
rNeg     . . .     Faith    .   b - +0 scale mail
rPois    +         Spirit   .   (no helmet)
rElec    .         Reflect  .   (no cloak)
rCorr    .         Harm     .   (no gloves)
MR       .....                  (no barding)
Stlth    ..........             (no amulet)
HPRegen  0.11/turn              (no ring)
MPRegen  0.08/turn              (no ring)

@: lethally poisoned (-3 -> -9), very slow
A: large, see invisible, deformed body, poison resistance, slowness 2, slow
metabolism 1, spit poison 1, AC +1
a: Spit Poison, Renounce Religion


You were on level 3 of the Dungeon.
You worshipped Wu Jian.
Wu Jian was noncommittal.
You were not hungry.

You visited 1 branch of the dungeon, and saw 3 of its levels.

You collected 176 gold pieces.

Inventory:

Hand Weapons
 a - a +0 trident (weapon)
Missiles
 e - 33 poisoned darts (quivered)
 l - 24 bolts
 t - 16 sling bullets
Armour
 b - a +0 scale mail (worn)
 c - a +0 shield (worn)
 k - a +0 robe
 n - a +0 ring mail
 v - a +0 scale mail
Jewellery
 g - a +5 ring of strength {unknown}
 h - an uncursed amulet of magic regeneration {unknown}
Wands
 r - a wand of acid (10)
 s - a wand of random effects (5)
 u - a wand of flame (21)
Scrolls
 j - 2 scrolls of teleportation {unknown}
 o - 3 scrolls of amnesia {unknown}
 p - a scroll of identify {unknown}
Potions
 d - 2 potions of might
 i - a potion of heal wounds {unknown}
 m - a potion of degeneration {unknown}
 q - a potion of flight {unknown}
Comestibles
 f - 6 rations


   Skills:
 + Level 3.4 Fighting
 + Level 2.5 Polearms
 + Level 2.7 Armour
 + Level 2.0 Stealth
 + Level 2.7 Shields


You had 2 spell levels left.
You didn't know any spells.
Your spell library was empty.

Dungeon Overview and Level Annotations

Branches:
Dungeon (3/15)

Altars:
Ashenzari
Cheibriados
Wu Jian
Xom


Innate Abilities, Weirdness & Mutations

You cannot wear boots.
Your serpentine skin is tough. (AC +1)
You have supernaturally acute eyesight. (SInv)
Armour fits poorly on your strangely shaped body.
Your system is resistant to poisons. (rPois)
You cover ground very slowly.
You have a slow metabolism.
You can spit poison.


Message History

A killer bee comes into view.
You miss the killer bee. The killer bee stings you. x3
You barely miss the killer bee.
The killer bee stings you but does no damage. x2
Your shield and scale mail prevent you from hitting the killer bee.
You block the killer bee's attack.
The killer bee stings you but does no damage.
The killer bee stings you.
You closely miss the killer bee. You block the killer bee's attack.
The killer bee stings you! The killer bee stings you!
* * * LOW HITPOINT WARNING * * *
You are poisoned.
The killer bee poisons you! The killer bee stings you.
* * * LOW HITPOINT WARNING * * *
* * * LOW HITPOINT WARNING * * *
You feel sick. The killer bee barely misses you. The killer bee stings you.
* * * LOW HITPOINT WARNING * * *
The killer bee stings you!
You die...

. ####. ....
#..# #..# #
#..#.#
#.###..#.#
#...y....#
......##@.###
####. #..# #
#..# #..# #
#..#
#...###..#
#......# .
#...####.#
>.#. #.#


You could see a killer bee.

Vanquished Creatures
  An adder (D:3)
  2 worms (D:2)
  4 leopard geckos
  3 giant cockroaches (D:2)
  4 goblins
  4 hobgoblins
  A quokka (D:2)
  5 bats
  3 kobolds
  3 rats (D:1)
30 creatures vanquished.

Notes
Turn   | Place    | Note
-------+----------+-------------------------------------------
     0 | D:1      | Deluxe999 the Naga Fighter began the quest for the Orb.
     0 | D:1      | Reached XP level 1. HP: 21/21 MP: 1/1
   375 | D:1      | Reached XP level 2. HP: 28/28 MP: 2/2
   425 | D:1      | Reached skill level 1 in Stealth
  1243 | D:2      | Found a shattered altar of Ashenzari.
  1248 | D:2      | Reached XP level 3. HP: 34/34 MP: 3/3
  1328 | D:2      | Found a snail-covered altar of Cheibriados.
  1503 | D:2      | Found a shimmering altar of Xom.
  1639 | D:2      | Found an ornate altar of the Wu Jian Council.
  1647 | D:2      | Became a worshipper of the Wu Jian Council
  2136 | D:3      | Noticed a killer bee
  2143 | D:3      | Slain by a killer bee

Levels and vault maps discovered:
D:1:      dpeg_arrival_round_a, layout_loops_ring
D:2:      layout_loops_cross, lemuel_crystal_altar, lemuel_doored_altar,
          xom_butterflies, overflow_temple_1_default
D:3:      layout_loops_ring, cheibrodos_sewer_entry_sluice, first_ration

Skill      XL: |  1  2  3 |
---------------+----------+-----
Stealth        | 1 2 |  2.0
Fighting       | |  3.4
Polearms       | |  2.5
Armour         | |  2.7
Shields        | |  2.7

Action                   || total
-------------------------++-------
Melee: Trident           ||   126
Throw: Dart              ||    12
Invok: Lunge             ||     2
 Abil: Spit Poison       ||     5
  Eat: Ration            ||     1
Armor: Scale mail        ||    53
Dodge: Dodged            ||    22
Block: Shield            ||    62

Table legend:
 A = Non-vault XP
 B = Vault XP
 C = Vault XP percentage of total XP
 D = Non-vault monster count
 E = Vault monster count
 F = Vault count percentage of total count
                 A         B        C        D         E       F
            +---------+---------+-------+---------+---------+-------
      Total |      71 |       0 |   0.0 |      30 |       0 |   0.0
            +---------+---------+-------+---------+---------+-------
        D:1 |      20 |       0 |   0.0 |      13 |       0 |   0.0
        D:2 |      32 |       0 |   0.0 |      13 |       0 |   0.0
        D:3 |      19 |       0 |   0.0 |       4 |       0 |   0.0
            +---------+---------+-------+---------+---------+-------
